 Dungeon Sprint DCSS version 0.17-a0-1674-g2b13139 (webtiles) character file.

60297 Kidiri the Imperceptible (level 13, -8/60 HPs)
             Began as a Spriggan Enchanter on Aug 18, 2015.
             Was the Champion of Dithmenos.
             Killed by divine providence
             ... invoked by a smoke demon
             ... summoned by an orc high priest
              (14 damage)
             ... in the Dungeon (Sprint III: "The Ten Rune Challenge").
             The game lasted 00:22:24 (3817 turns).

Kidiri the Imperceptible (Spriggan Enchanter)       Turns: 3817, Time: 00:22:24

Health: -8/60      AC:  8    Str:  4    XL:     13   Next: 30%
Magic:  14/35      EV: 36    Int: 19    God:    Dithmenos [******]
Gold:   38         SH:  0    Dex: 19    Spells: 13 memorised, 5 levels left

rFire  + . .     SeeInvis +     a - +1 dagger
rCold  + + .     Clarity  +     m - +2 robe {rC+ rF+}
rNeg   . . .     SustAt   .     (shield restricted)
rPois  .         Gourm    .     i - +2 hat {SInv}
rElec  .         Spirit   .     (no cloak)
rCorr  .         Warding  .     (gloves unavailable)
rMut   .         NoTele   +     (boots unavailable)
MR     ++...                    (no amulet)
Stlth  ++++++++++               (no ring)
                                (no ring)

@: wreathed by umbra, very quick, very resistant to hostile enchantments,
uncannily stealthy
A: unfitting armour, yellow scales 1, see invisible, clarity, cold resistance 1,
herbivore 3, speed 3, robust 1, slow metabolism 2
a: Shadow Step, Shadow Form, Renounce Religion
}: 2/10 runes: serpentine, barnacled


You were in the Dungeon.
You worshipped Dithmenos.
Dithmenos was exalted by your worship.
You were full.

You visited 1 branch You collected 38 gold pieces.

Inventory:

Hand weapons
 a - a +1 dagger (weapon)
 j - a cursed +0 short sword
Armour
 i - a +2 hat of see invisible (worn)
 m - a +2 robe of resistance (worn)
Scrolls
 l - a scroll of torment
Potions
 c - a potion of berserk rage
 e - 2 potions of ambrosia {unknown}
 f - a potion of curing
 g - 2 potions of haste
 h - a potion of magic
 k - a potion of might
 p - 4 potions of cure mutation
 q - 2 potions of lignification
 s - a potion of flight {unknown}
Books
 b - a book of Beasts

   Spells                             Type                      Level
   a - Summon Butterflies             Summoning                    1
   b - Call Canine Familiar           Summoning                    3
   c - Summon Ice Beast               Ice/Summoning                4
   d - Summon Mana Viper              Hexes/Summoning              5
   e - Summon Hydra                   Summoning                    7
Comestibles
 d - 6 fruits
 n - a chunk of flesh
 o - 26 royal jellies


   Skills:
 + Level 11.5 Short Blades
 * Level 19.8 Dodging
 * Level 21.2 Stealth
 * Level 17.0 Spellcasting
 + Level 7.9 Conjurations
 + Level 12.9 Hexes
 + Level 6.5 Summonings
 + Level 12.0 Transmutations
 + Level 8.7 Ice Magic
 + Level 8.8 Earth Magic
 - Level 4.7 Invocations


You had 5 spell levels left.
You knew the following spells:

 Your Spells              Type           Power        Failure   Level  Hunger
a - Corona                Hex            ######.      1%          1    None
b - Ensorcelled Hibernat  Hex/Ice        ######       1%          2    None
c - Confuse               Hex            ######..     1%          3    None
d - Tukima's Dance        Hex            ######..     1%          3    None
e - Dazzling Spray        Conj/Hex       ######..     1%          3    None
f - Stoneskin             Trmt/Erth      ######..     1%          2    None
g - Stone Arrow           Conj/Erth      #####.       1%          3    None
h - Passwall              Trmt/Erth      ######....   1%          3    None
i - Petrify               Trmt/Erth      ######..     1%          4    None
j - Lee's Rapid Deconstr  Erth           #####.....   2%          5    ###....
k - Call Canine Familiar  Summ           #####...     1%          3    None
l - Summon Ice Beast      Ice/Summ       #####...     1%          4    None
m - Summon Mana Viper     Hex/Summ       ######..     1%          5    ###....


Dungeon Overview and Level Annotations

Branches:
Dungeon (1/1)

Altars:
Cheibriados
Dithmenos
Elyvilon
Fedhas
Gozag
Kikubaaqudgha
Makhleb
Nemelex Xobeh
Okawaru
Qazlal
Ru
Sif Muna
Trog
Vehumet
Xom
Yredelemnul
Zin
The Shining One
Jiyva
Lugonu

Shops:
D (%=:!(*


Innate Abilities, Weirdness & Mutations

You are tiny and cannot use many weapons and most armour.
You have supernaturally acute eyesight.
You are a herbivore.
You cover ground extremely quickly.
You need consume almost no food.
You are partially covered in yellow scales (AC +2).
You possess an exceptional clarity of mind.
Your flesh is cold resistant.
You are robust (+10% HP).


Message History

Aiming: Dazzling Spray
Press: ? - help, Shift-Dir - straight line, f/p - orc sorcerer
Aim: an orc sorcerer, wielding a dagger and wearing a robe (black smoke, severely wounded, umbra)
The spray of energy misses the chaos spawn.
The spray of energy hits the orc sorcerer.
The orc sorcerer is almost dead.
Your shadow mimicks your spell!
The shadow shard misses the chaos spawn.
The shadow shard hits the orc sorcerer.
You kill the orc sorcerer!
Dithmenos accepts your kill.
Dithmenos appreciates your extinguishing a source of fire.
Your Spellcasting skill increases to level 17!
Your Transmutations skill increases to level 12!
The chaos spawn hits you! Space warps horribly around you!
* * * LOW HITPOINT WARNING * * *
The orc priest miscasts a cantrip.
The smoke demon gestures at you. Something smites you!
You die...

♣.#############$$ $$
♣♣.#___#__[#__##$###3##$
♣..#)..#..)#._#ooo..oo.$
♣♣..###+#+###+##oo).oo.o$
.♣♣.#..........#ooooooo.$
♣♣..'.⌠........#o###.##∩$
≈♣..#...######'#§3# #
....#.⌠.#__#...#3################
....#...#__#...#@§§≈§'.#.'(..'.#.
....#+###__#...#§#§§§#.#.#...##.#
....#:).#__#..['.#.§.#.#.#)..#.#.
....#___#_.+...#.#§§.#...#.).##.#
▓▓▓▓▓▓▓▓▓▓▓▓▓▓▓▓▓▓▓▓▓▓▓▓▓▓▓▓▓#.#.
≈♣♣.....♣♣♣♣≈≈≈........≈≈≈...##.#
≈♣♣.≈≈≈≈+♣♣+♣≈≈≈≈≈≈≈≈≈≈≈≈♣♣..+.#.
≈≈+.....#.≈♣♣♣♣♣♣♣♣♣♣♣♣♣♣♣♣PP##.#
≈♣♣♣♣♣♣♣#..♣♣ ♣♣♣##+#


You could see an orc high priest, a smoke demon, a chaos spawn, 3 orc warriors,
2 orc priests and an orc.

Vanquished Creatures
  Rupert (D)
  Polyphemus (D)
  Gastronok (D)
  Ilsuiw (D)
  A greater naga (D)
  Maud (D)
  2 dire elephants (D)
  A merfolk javelineer (D)
  A naga warrior (D)
  A hydra (D)
  Erica (D)
  5 anacondas (D)
  4 death yaks (D)
  A centaur warrior (D)
  An unseen horror (D)
  A sea snake (D)
  A death drake (D)
  A lindwurm (D)
  An orc sorcerer (D)
  2 spiny frogs (D)
  2 elephants (D)
  5 black mambas (D)
  A guardian serpent (D)
  A fire drake (D)
  A deep elf priest (D)
  A komodo dragon (D)
  A queen bee (D)
  8 blink frogs (D)
  3 wandering mushrooms (D)
  3 redbacks (D)
  A shadow (D)
  A spatial vortex (D)
  2 spriggans (D)
  2 nagas (D)
  A water moccasin (D)
  A swamp drake (D)
  A necrophage (D)
  2 orc warriors (D)
  2 centaurs (D)
  2 brain worms (D)
  An earth elemental (D)
  A water elemental (D)
  32 killer bees (D)
  A jelly (D)
  A wolf (D)
  Jessica (D)
  A necromancer (D)
  3 sheep (D)
  A wizard (D)
  3 humans (D)
  A kobold demonologist (D)
  5 adders (D)
  An ooze (D)
  4 orcs (D)
  2 rats (D)
  A ballistomycete (D)
  A giant spore (D)
130 creatures vanquished.

Vanquished Creatures (collateral kills)
  An orc (D)
1 creature vanquished.

Vanquished Creatures (others)
  2 draconian scorchers (D)
  A mummy priest (D)
  A hydra (D)
  A dancing weapon (D)
  An anaconda (D)
  A spriggan druid (D)
  3 yaktaurs (D)
  3 orc high priests (D)
  An electric eel (D)
  An orc priest (D)
  13 plants (D)
28 creatures vanquished.

Grand Total: 159 creatures vanquished

Notes
Turn   | Place    | Note
--------------------------------------------------------------
     0 | D        | Kidiri the Spriggan Enchanter began the quest for the Orb.
     0 | D        | Reached XP level 1. HP: 9/9 MP: 5/5
     4 | D        | Reached skill level 5 in Stealth
    15 | D        | Noticed Jessica
    20 | D        | Killed Jessica
    20 | D        | Reached skill level 5 in Dodging
    20 | D        | Reached skill level 6 in Stealth
    20 | D        | Reached XP level 2. HP: 13/13 MP: 5/8
    20 | D        | Reached XP level 3. HP: 16/16 MP: 6/10
    24 | D        | Learned a level 2 spell: Ensorcelled Hibernation
    28 | D        | Learned a level 3 spell: Confuse
    32 | D        | Learned a level 3 spell: Tukima's Dance
    32 | D        | Killed a yaktaur
    64 | D        | Noticed a wolf
   232 | D        | Killed a yaktaur
   250 | D        | Killed a white draconian scorcher
   251 | D        | Killed a white draconian scorcher
   341 | D        | Reached skill level 5 in Spellcasting
   530 | D        | Learned a level 3 spell: Dazzling Spray
   548 | D        | Killed a wolf
   548 | D        | Reached skill level 7 in Stealth
   548 | D        | Reached skill level 1 in Ice Magic
   548 | D        | Reached XP level 4. HP: 21/21 MP: 7/12
   707 | D        | Gained mutation: You heal slowly when monsters are visible. [potion of mutation]
   707 | D        | Gained mutation: You are robust (+10% HP). [potion of mutation]
   707 | D        | Gained mutation: Your flesh is cold resistant. [potion of mutation]
   708 | D        | Lost mutation: You heal slowly when monsters are visible. [potion of mutation]
   708 | D        | Gained mutation: You are partially covered in yellow scales (AC +2). [potion of mutation]
   708 | D        | Gained mutation: You possess an exceptional clarity of mind. [potion of mutation]
   734 | D        | Noticed a water elemental
   763 | D        | Killed a water elemental
   763 | D        | Reached skill level 8 in Stealth
   763 | D        | Reached skill level 1 in Conjurations
   763 | D        | Reached skill level 5 in Hexes
   763 | D        | Reached XP level 5. HP: 26/26 MP: 2/14
   865 | D        | Noticed a jelly
   866 | D        | Noticed a shadow
   868 | D        | Killed a shadow
   868 | D        | Reached skill level 10 in Stealth
   868 | D        | Reached XP level 6. HP: 30/30 MP: 14/17
   876 | D        | Killed a jelly
   924 | D        | Found a stormy altar of Qazlal.
   925 | D        | Noticed a spatial vortex
   925 | D        | Found a sacrificial altar of Ru.
   925 | D        | Found a burning altar of Makhleb.
   925 | D        | Found a viscous altar of Jiyva.
   925 | D        | Found a shimmering altar of Xom.
   925 | D        | Found a shadowy altar of Dithmenos.
   925 | D        | Found a sparkling altar of Nemelex Xobeh.
   925 | D        | Found a corrupted altar of Lugonu.
   925 | D        | Found an opulent altar of Gozag.
   932 | D        | Became a worshipper of Dithmenos the Shadowed
   939 | D        | Killed a spatial vortex
   939 | D        | Reached skill level 5 in Short Blades
   939 | D        | Reached skill level 11 in Stealth
   939 | D        | Reached skill level 1 in Invocations
   962 | D        | Found a radiant altar of Vehumet.
   963 | D        | Found a deep blue altar of Sif Muna.
   963 | D        | Found an ancient bone altar of Kikubaaqudgha.
   963 | D        | Noticed a wizard
   964 | D        | Killed a wizard
   965 | D        | Noticed a chaos spawn
   969 | D        | Noticed an ice devil
   985 | D        | Learned a level 2 spell: Stoneskin
   989 | D        | Learned a level 3 spell: Stone Arrow
   993 | D        | Learned a level 3 spell: Passwall
  1025 | D        | Found a glowing silver altar of Zin.
  1026 | D        | Found a glowing golden altar of the Shining One.
  1026 | D        | Found a white marble altar of Elyvilon.
  1026 | D        | Noticed a deep elf priest
  1028 | D        | Killed a deep elf priest
  1028 | D        | Reached skill level 10 in Dodging
  1028 | D        | Reached skill level 1 in Earth Magic
  1028 | D        | Reached XP level 7. HP: 35/35 MP: 18/20
  1039 | D        | Found an iron altar of Okawaru.
  1040 | D        | Found a bloodstained altar of Trog.
  1040 | D        | Noticed a human
  1040 | D        | Noticed a human
  1042 | D        | Killed a human
  1042 | D        | Reached skill level 12 in Stealth
  1043 | D        | Killed a human
  1043 | D        | Reached XP level 8. HP: 39/39 MP: 19/22
  1061 | D        | Found a snail-covered altar of Cheibriados.
  1061 | D        | Noticed a necrophage
  1062 | D        | Found a basalt altar of Yredelemnul.
  1062 | D        | Found a blossoming altar of Fedhas.
  1062 | D        | Noticed a necromancer
  1064 | D        | Killed a necromancer
  1070 | D        | Killed a necrophage
  1070 | D        | Acquired Dithmenos's first power
  1103 | D        | Learned a level 4 spell: Petrify
  1197 | D        | Noticed Erica
  1231 | D        | Killed Erica
  1231 | D        | Reached skill level 13 in Stealth
  1231 | D        | Reached skill level 10 in Spellcasting
  1288 | D        | Noticed an earth elemental
  1291 | D        | Killed an earth elemental
  1306 | D        | Noticed a centaur
  1306 | D        | Noticed a centaur warrior
  1306 | D        | Noticed a centaur
  1308 | D        | Killed a centaur
  1314 | D        | Killed a centaur
  1314 | D        | Reached XP level 9. HP: 42/42 MP: 12/24
  1323 | D        | Killed a centaur warrior
  1323 | D        | Acquired Dithmenos's second power
  1323 | D        | Reached skill level 14 in Stealth
  1323 | D        | Reached skill level 5 in Transmutations
  1388 | D        | Learned a level 5 spell: Lee's Rapid Deconstruction
  1485 | D        | Noticed an unseen horror
  1487 | D        | Killed an unseen horror
  1487 | D        | Reached skill level 5 in Ice Magic
  1503 | D        | Noticed a killer bee
  1503 | D        | Noticed a killer bee
  1503 | D        | Noticed a killer bee
  1503 | D        | Noticed a killer bee
  1503 | D        | Noticed a killer bee
  1503 | D        | Noticed a killer bee
  1503 | D        | Noticed a killer bee
  1503 | D        | Noticed a queen bee
  1503 | D        | Noticed a killer bee
  1503 | D        | Noticed a killer bee
  1503 | D        | Noticed a killer bee
  1503 | D        | Noticed a killer bee
  1503 | D        | Noticed a killer bee
  1503 | D        | Noticed a killer bee
  1503 | D        | Noticed a killer bee
  1504 | D        | Noticed a killer bee
  1504 | D        | Noticed a killer bee
  1504 | D        | Noticed a killer bee
  1504 | D        | Noticed a killer bee
  1504 | D        | Noticed a killer bee
  1504 | D        | Noticed a killer bee
  1504 | D        | Noticed a killer bee
  1504 | D        | Noticed a killer bee
  1504 | D        | Noticed a killer bee
  1504 | D        | Noticed a killer bee
  1504 | D        | Noticed a killer bee
  1504 | D        | Noticed a killer bee
  1504 | D        | Noticed a killer bee
  1504 | D        | Noticed a killer bee
  1504 | D        | Noticed a killer bee
  1504 | D        | Noticed a killer bee
  1504 | D        | Noticed a killer bee
  1504 | D        | Noticed a killer bee
  1505 | D        | Killed a killer bee
  1508 | D        | Killed a killer bee
  1510 | D        | Killed a killer bee
  1512 | D        | Killed a killer bee
  1512 | D        | Acquired Dithmenos's third power
  1516 | D        | Killed a killer bee
  1518 | D        | Killed a killer bee
  1519 | D        | Killed a yaktaur
  1520 | D        | Killed a killer bee
  1522 | D        | Killed a killer bee
  1525 | D        | Killed a killer bee
  1525 | D        | Acquired Dithmenos's fourth power
  1527 | D        | Killed a killer bee
  1529 | D        | Killed a killer bee
  1677 | D        | Killed a killer bee
  1677 | D        | Reached skill level 15 in Stealth
  1679 | D        | Killed a killer bee
  1683 | D        | Killed a killer bee
  1685 | D        | Killed a killer bee
  1687 | D        | Killed a killer bee
  1687 | D        | Reached XP level 10. HP: 48/48 MP: 16/26
  1689 | D        | Killed a killer bee
  1691 | D        | Killed a killer bee
  1693 | D        | Killed a killer bee
  1695 | D        | Killed a killer bee
  1697 | D        | Killed a killer bee
  1699 | D        | Killed a killer bee
  1701 | D        | Killed a killer bee
  1705 | D        | Killed a killer bee
  1868 | D        | Learned a level 3 spell: Call Canine Familiar
  1870 | D        | Killed a killer bee
  1873 | D        | Killed a killer bee
  1874 | D        | Killed a killer bee
  1879 | D        | Killed a killer bee
  1881 | D        | Killed a killer bee
  1884 | D        | Killed a killer bee
  1886 | D        | Killed a killer bee
  1888 | D        | Killed a killer bee
  1888 | D        | Reached skill level 1 in Summonings
  1890 | D        | Killed a queen bee
  1890 | D        | Reached skill level 5 in Conjurations
  2117 | D        | Noticed a wandering mushroom
  2133 | D        | Noticed a wandering mushroom
  2134 | D        | Noticed a wandering mushroom
  2139 | D        | Killed a wandering mushroom
  2158 | D        | Killed an electric eel
  2224 | D        | Killed a wandering mushroom
  2228 | D        | Killed a wandering mushroom
  2228 | D        | Reached skill level 5 in Earth Magic
  2348 | D        | Noticed a spiny frog
  2348 | D        | Noticed a komodo dragon
  2348 | D        | Noticed a spiny frog
  2355 | D        | Killed a komodo dragon
  2355 | D        | Reached skill level 16 in Stealth
  2357 | D        | Killed a spiny frog
  2357 | D        | Reached skill level 15 in Dodging
  2359 | D        | Killed a spiny frog
  2370 | D        | Killed a four-headed hydra
  2395 | D        | Noticed a redback
  2397 | D        | Killed a redback
  2398 | D        | Noticed a brain worm
  2401 | D        | Killed a brain worm
  2407 | D        | Noticed a brain worm
  2409 | D        | Killed a brain worm
  2412 | D        | Noticed a lindwurm
  2414 | D        | Noticed a redback
  2415 | D        | Killed a lindwurm
  2415 | D        | Reached skill level 10 in Hexes
  2417 | D        | Killed a redback
  2422 | D        | Noticed a redback
  2423 | D        | Killed a redback
  2424 | D        | Noticed Maud
  2427 | D        | Killed Maud
  2427 | D        | Reached skill level 17 in Stealth
  2427 | D        | Reached XP level 11. HP: 51/51 MP: 29/29
  2435 | D        | Learned a level 4 spell: Summon Ice Beast
  2437 | D        | Noticed a six-headed hydra
  2439 | D        | Killed a six-headed hydra
  2447 | D        | Noticed a death drake
  2454 | D        | HP: 2/51 [poisoned by a death drake (dark miasma)]
  2658 | D        | Killed a death drake
  2670 | D        | Found a blossoming altar of Fedhas.
  2670 | D        | Noticed a spriggan
  2670 | D        | Noticed a spriggan druid
  2670 | D        | Noticed a spriggan
  2673 | D        | Killed a spriggan
  2673 | D        | Killed a spriggan
  2702 | D        | Noticed a blink frog
  2704 | D        | Killed a blink frog
  2742 | D        | Killed an orc priest
  2746 | D        | Killed an orc high priest
  2788 | D        | Killed a spriggan druid
  2803 | D        | Killed an anaconda
  2949 | D        | Noticed an anaconda
  2949 | D        | Noticed a water moccasin
  2949 | D        | Noticed a black mamba
  2950 | D        | Noticed a black mamba
  2950 | D        | Noticed an anaconda
  2951 | D        | Killed an anaconda
  2952 | D        | Killed a water moccasin
  2953 | D        | Killed a black mamba
  2955 | D        | Killed an anaconda
  2956 | D        | Killed a black mamba
  2956 | D        | Reached skill level 18 in Stealth
  2997 | D        | Noticed an anaconda
  2997 | D        | Noticed an anaconda
  2997 | D        | Noticed a black mamba
  3002 | D        | Killed an anaconda
  3003 | D        | Killed a black mamba
  3007 | D        | Killed an anaconda
  3136 | D        | Killed an orc high priest
  3205 | D        | Noticed an anaconda
  3211 | D        | Killed an anaconda
  3259 | D        | Noticed a naga
  3259 | D        | Noticed a naga
  3260 | D        | Noticed a naga warrior
  3260 | D        | Noticed a greater naga
  3260 | D        | Found Mivegin's Book Shop.
  3260 | D        | Found Keukk's Distillery.
  3260 | D        | Found Cuatast's Antique Weapon Boutique.
  3261 | D        | Killed a naga
  3262 | D        | Killed a naga
  3264 | D        | Killed a naga warrior
  3264 | D        | Reached skill level 10 in Short Blades
  3265 | D        | Killed a greater naga
  3265 | D        | Reached skill level 15 in Spellcasting
  3265 | D        | Reached skill level 10 in Transmutations
  3265 | D        | Reached XP level 12. HP: 56/56 MP: 26/32
  3285 | D        | Noticed a guardian serpent
  3287 | D        | Killed a guardian serpent
  3289 | D        | Got a serpentine rune of Zot
  3373 | D        | Noticed a swamp drake
  3373 | D        | Noticed a fire drake
  3374 | D        | Killed a fire drake
  3374 | D        | Reached skill level 19 in Stealth
  3379 | D        | Killed a swamp drake
  3387 | D        | Noticed a blink frog
  3387 | D        | Noticed a blink frog
  3387 | D        | Noticed a blink frog
  3391 | D        | Killed a blink frog
  3394 | D        | Killed a blink frog
  3396 | D        | Killed a blink frog
  3401 | D        | Noticed a blink frog
  3405 | D        | Killed a blink frog
  3469 | D        | Learned a level 5 spell: Summon Mana Viper
  3470 | D        | Noticed Rupert
  3472 | D        | Killed Rupert
  3472 | D        | Reached skill level 5 in Summonings
  3491 | D        | Noticed a death yak
  3492 | D        | Noticed a death yak
  3492 | D        | Noticed a blink frog
  3492 | D        | Noticed an azure jelly
  3492 | D        | Noticed a death yak
  3492 | D        | Noticed an azure jelly
  3492 | D        | Noticed a blink frog
  3492 | D        | Noticed a death yak
  3493 | D        | Killed a death yak
  3494 | D        | Killed a blink frog
  3495 | D        | Killed a death yak
  3496 | D        | Noticed a blink frog
  3496 | D        | Noticed a black mamba
  3497 | D        | Killed a death yak
  3499 | D        | Killed a blink frog
  3500 | D        | Noticed a black mamba
  3501 | D        | Killed a blink frog
  3502 | D        | Killed a death yak
  3502 | D        | Reached skill level 20 in Stealth
  3504 | D        | Killed a black mamba
  3505 | D        | Killed a black mamba
  3526 | D        | Noticed an azure jelly
  3526 | D        | Noticed an azure jelly
  3548 | D        | Killed a mummy priest
  3554 | D        | Noticed Polyphemus
  3555 | D        | Noticed Ilsuiw
  3556 | D        | Killed Polyphemus
  3562 | D        | Killed Ilsuiw
  3567 | D        | Found Edghihau's Antique Weapon Shoppe.
  3567 | D        | Found Weushri's Food Boutique.
  3567 | D        | Found Tuteter's Jewellery Emporium.
  3567 | D        | Noticed a sea snake
  3567 | D        | Noticed a merfolk javelineer
  3570 | D        | Killed an orc high priest
  3572 | D        | Killed a sea snake
  3572 | D        | Reached XP level 13. HP: 60/60 MP: 19/34
  3580 | D        | Killed a merfolk javelineer
  3594 | D        | Got a barnacled rune of Zot
  3670 | D        | Noticed an elephant
  3670 | D        | Noticed an elephant
  3670 | D        | Noticed a dire elephant
  3670 | D        | Noticed a dire elephant
  3670 | D        | Noticed Gastronok
  3672 | D        | Killed Gastronok
  3673 | D        | Killed a dire elephant
  3673 | D        | Reached skill level 21 in Stealth
  3675 | D        | Killed a dire elephant
  3679 | D        | Killed an elephant
  3681 | D        | Killed an elephant
  3786 | D        | Noticed an orc wizard
  3786 | D        | Noticed an orc sorcerer
  3786 | D        | Noticed an orc priest
  3786 | D        | Noticed an orc warrior
  3786 | D        | Noticed an orc warrior
  3786 | D        | Noticed an orc warrior
  3786 | D        | Noticed an orc high priest
  3786 | D        | Noticed an orc warrior
  3786 | D        | Noticed an orc priest
  3786 | D        | Noticed an orc warrior
  3786 | D        | Noticed an orc warrior
  3786 | D        | Found Pekav's Assorted Antiques.
  3787 | D        | Killed an orc warrior
  3816 | D        | Killed an orc warrior
  3817 | D        | Killed an orc sorcerer
  3817 | D        | Killed from afar by a smoke demon

Vault maps used:
D:        dungeon_sprint_mu

Action                   |  1- 3 |  4- 6 |  7- 9 | 10-12 | 13-15 || total
-------------------------+-------+-------+-------+-------+-------++-------
Melee: Dagger            |    14 |    16 |    49 |   106 |    18 ||   203
 Cast: Ensorcelled Hiber |     6 |     3 |    19 |    37 |     4 ||    69
       Confuse           |     1 |       |     1 |     4 |     1 ||     7
       Corona            |     1 |       |       |       |       ||     1
       Dazzling Spray    |       |     4 |    15 |     5 |     2 ||    26
       Stone Arrow       |       |       |     5 |    12 |       ||    17
       Tukima's Dance    |       |       |     1 |     3 |       ||     4
       Lee's Rapid Decon |       |       |       |     2 |       ||     2
       Summon Ice Beast  |       |       |       |       |     1 ||     1
Invok: Shadow Step       |       |       |       |    14 |     2 ||    16
  Use: Scroll            |       |     4 |     1 |     1 |       ||     6
       Potion            |       |     3 |     1 |     2 |       ||     6
 Stab: Sleeping          |     5 |     5 |    20 |    65 |    10 ||   105
       Invisible         |       |       |     2 |     2 |     1 ||     5
       Confused          |       |       |       |     2 |     1 ||     3
  Eat: Fruit             |       |       |       |     1 |       ||     1
       Bread ration      |       |       |       |     1 |       ||     1
